 Dungeon Crawl Stone Soup version 0.25-a0-362-g90ccd6aac3 (console) character file.

Game seed: 17049780707448323224, levelgen mode: deterministic

17 Kagalorn the Vexing (level 2, 22/25 HPs)
             Began as a Naga Arcane Marksman on Jan 4, 2020.
             Quit the game on level 1 of the Dungeon.
             The game lasted 00:01:16 (625 turns).

Kagalorn the Vexing (Naga Arcane Marksman)           Turns: 625, Time: 00:01:17

Health: 22/25      AC:  1    Str: 12    XL:     2   Next: 62%
Magic:  3/3        EV: 10    Int: 13    God:
Gold:   43         SH:  0    Dex: 11    Spells: 2/3 levels left

rFire    . . .     SeeInvis +   (no weapon)
rCold    . . .     Gourm    .   (no shield)
rNeg     . . .     Faith    .   e - +0 robe
rPois    +         Spirit   .   (no helmet)
rElec    .         Reflect  .   (no cloak)
rCorr    .         Harm     .   (no gloves)
MR       .....                  (no barding)
Stlth    +.........             (no amulet)
HPRegen  0.08/turn              (no ring)
MPRegen  0.08/turn              (no ring)

@: very slow
A: large, see invisible, deformed body, poison resistance, slowness 2, slow
metabolism 1, spit poison 1, AC +0
a: Spit Poison


You were on level 1 of the Dungeon.
You were not hungry.

You visited 1 branch of the dungeon, and saw 1 of its levels.

You collected 43 gold pieces.

Inventory:

Hand Weapons
 a - a +0 hand crossbow
 j - a +0 mace
Missiles
 d - 20 bolts
Armour
 e - a +0 robe (worn)
Scrolls
 b - a scroll of enchant armour {unknown}
 c - a scroll of identify {unknown}
 g - a scroll of teleportation {unknown}
 h - a scroll of remove curse {unknown}
Comestibles
 f - a ration
 i - a chunk of flesh


   Skills:
 + Level 1.1 Fighting
 + Level 1.9 Crossbows
 + Level 1.8 Dodging
 + Level 1.0 Spellcasting
 + Level 3.5 Hexes


You had 2 spell levels left.
You knew the following spells:

 Your Spells              Type           Power        Failure   Level  Hunger
a - Corona                Hex            #......      7%          1    ##.....

Your spell library contained the following spells:

 Spells                   Type           Power        Failure   Level  Hunger
 Slow                     Hex            #.......     10%         2    ###....
 Inner Flame              Hex/Fire       #.......     38%         3    ####...
 Portal Projectile        Hex/Tloc       #.....       38%         3    ####...
 Cause Fear               Hex            #.........   54%         4    #####..
 Leda's Liquefaction      Hex/Erth       #.........   80%         4    #####..


Dungeon Overview and Level Annotations

Branches:
Dungeon (1/15)

Altars:


Innate Abilities, Weirdness & Mutations

You cannot wear boots.
Your serpentine skin is tough. (AC +0)
You have supernaturally acute eyesight. (SInv)
Armour fits poorly on your strangely shaped body.
Your system is resistant to poisons. (rPois)
You cover ground very slowly.
You have a slow metabolism.
You can spit poison.


Message History

The splash of poison hits the dart slug.
The dart slug is poisoned.
The dart slug is heavily wounded.
You feel slightly more hungry. The dart slug launches a dart at you.
The slug dart hits you.
You can't do that yet.
You hit the dart slug.
The dart slug is almost dead.
You kill the dart slug!
You have got your breath back.
Found an escape hatch in the floor.
Things that are here:
a mace; a dart slug corpse You now have 43 gold pieces (gained 17).
You see here a kobold corpse.
Things that are here:
a mace; a dart slug corpse
j - a mace Are you sure you want to abandon this character and quit the game? (Confirm with "yes".)

#.###.
#.######...#
#.# .#
#.†.......
#.. .#
#.######..
..# ####.#
#....#
#†##.#
#.##.#
#....#
#@#### #.#
#.# #.# #..
... #.# #>#


There were no monsters in sight!

Vanquished Creatures
  A dart slug (D:1)
  A leopard gecko (D:1)
  2 bats (D:1)
  2 goblins (D:1)
  4 jackals (D:1)
  A kobold (D:1)
  2 rats (D:1)
13 creatures vanquished.

Notes
Turn   | Place    | Note
-------+----------+-------------------------------------------
     0 | D:1      | Kagalorn the Naga Arcane Marksman began the quest for the
                  | Orb.
     0 | D:1      | Reached XP level 1. HP: 18/18 MP: 2/2
    64 | D:1      | Reached XP level 2. HP: 5/25 MP: 3/3
   625 | D:1      | Quit the game

Levels and vault maps discovered:
D:1:      minmay_arrival_stair_chambers, layout_loops_ring,
          minmay_misc_feat_enclosed

Action                   || total
-------------------------++-------
Melee: Unarmed           ||    28
 Abil: Spit Poison       ||    17
Armor: Robe              ||     5
Dodge: Dodged            ||    22

Table legend:
 A = Non-vault XP
 B = Vault XP
 C = Vault XP percentage of total XP
 D = Non-vault monster count
 E = Vault monster count
 F = Vault count percentage of total count
                 A         B        C        D         E       F
            +---------+---------+-------+---------+---------+-------
      Total |      25 |       0 |   0.0 |      13 |       0 |   0.0
            +---------+---------+-------+---------+---------+-------
        D:1 |      25 |       0 |   0.0 |      13 |       0 |   0.0
            +---------+---------+-------+---------+---------+-------
